Map: [ESL] Inside and Out

Players

SpeCial

  • Race: Terran Terran
  • Spawn Location: 7:00

LiquidClem (Clem) - Winner!

  • Race: Terran Terran
  • Spawn Location: 1:00

Event: TSL 9

VOD

Have the link to the VOD?

Description

Time

  • Played on: Aug. 6, 2022, 11:41 a.m.
  • Length: 8:14

All games in this series

Show
View Real Time Build Order
Export as new Build Order

SpeCial Terran 

Build Orders:  

Get SALT Encoding   

  12  0:00  SCV  
  13  0:12  SCV  
  14  0:17  Supply Depot  
  14  0:24  SCV  
  15  0:38  SCV  
  15  0:40  Barracks  
  16  0:43  Refinery  
  16  0:50  SCV  
  16  0:52  Refinery  
  17  1:03  SCV  
  18  1:15  SCV  
  19  1:27  Reaper  
  19  1:28  Orbital Command  
  20  1:33  Supply Depot  
  20  1:43  Factory  
  20  1:54  SCV  
  21  2:00  Barracks Reactor  
  21  2:06  SCV  
  22  2:18  SCV  
  23  2:28  Hellion  
  24  2:31  Command Center  
  24  2:32  SCV  
  25  2:37  Reaper x2  
  27  2:44  Supply Depot, SCV  
  30  2:51  Hellion  
  30  2:57  SCV  
  31  3:01  Starport  
  31  3:09  Reaper x2  
  31  3:10  SCV  
  34  3:16  Hellion  
  36  3:22  SCV  
  37  3:30  Refinery  
  37  3:34  SCV  
  37  3:38  Starport Tech Lab  
  37  3:39  Factory Tech Lab  
  37  3:41  Marine  
  38  3:42  Marine  
  38  3:43  Orbital Command  
  38  3:46  SCV  
  41  3:58  SCV  
  41  4:00  Raven  
  44  4:09  Marine x2  
  40  4:10  SCV x2  
  40  4:11  Cyclone  
  44  4:22  SCV  
  44  4:23  SCV  
  46  4:26  Marine  
  46  4:27  Marine  
  48  4:34  SCV  
  48  4:35  SCV  
  48  4:38  Supply Depot, Refinery  
  50  4:44  Siege Tank  
  52  4:47  SCV  
  52  4:48  Raven  
  54  4:57  Marine x2  
  54  4:59  SCV  
  54  5:09  Supply Depot, SCV, Starport  
  54  5:11  SCV  
  56  5:15  Marine x2  
  56  5:19  Siege Tank  
  56  5:20  Supply Depot  
  61  5:23  SCV  
  62  5:30  SCV  
  62  5:33  Raven  
  62  5:35  SCV  
  64  5:36  Supply Depot  
  61  5:43  SCV  
  61  5:47  SCV  
  61  5:49  Barracks Reactor  
  63  5:51  Viking x2  
  63  5:55  SCV  
  68  5:59  SCV  
  68  6:00  Supply Depot  
  69  6:04  Siege Tank  
  69  6:07  SCV  
  73  6:11  SCV  
  73  6:12  Supply Depot  
  74  6:19  SCV  
  74  6:23  Viking x2  
  74  6:24  SCV  
  80  6:30  Command Center  
  80  6:31  SCV  
  81  6:36  SCV  
  81  6:37  Viking x2  
  85  6:43  SCV  
  85  6:45  Siege Tank  
  89  6:50  Supply Depot, SCV  
  90  6:55  SCV  
  90  6:56  Viking  
  90  6:57  Viking  
  95  7:07  Viking  
  97  7:09  SCV  
  97  7:10  SCV  
  99  7:16  Viking  
  99  7:22  SCV x2  
  103  7:24  Siege Tank  
  106  7:34  SCV x2  
  106  7:35  Viking  
  110  7:39  Supply Depot  
  110  7:46  SCV  
  110  7:48  SCV  
  101  7:58  SCV  
  87  8:00  SCV  
Show
View Real Time Build Order
Export as new Build Order

LiquidClem Terran - Winner!

Build Orders:  

Get SALT Encoding   

  12  0:00  SCV  
  13  0:12  SCV  
  14  0:17  Supply Depot  
  14  0:24  SCV  
  15  0:38  SCV  
  15  0:39  Barracks  
  16  0:43  Refinery  
  16  0:50  SCV  
  16  0:52  Refinery  
  17  1:02  SCV  
  18  1:15  SCV  
  20  1:25  Reaper  
  20  1:27  Orbital Command  
  20  1:32  Supply Depot  
  20  1:42  Factory  
  20  1:52  SCV  
  21  1:57  Reaper  
  22  2:04  SCV  
  23  2:18  Command Center  
  23  2:21  SCV  
  24  2:28  Hellion  
  26  2:31  Reaper  
  26  2:33  SCV  
  28  2:39  Supply Depot  
  28  2:45  SCV  
  28  2:48  Starport  
  29  2:52  Widow Mine  
  31  3:00  SCV  
  31  3:04  Barracks Reactor  
  32  3:12  SCV  
  32  3:14  Factory Tech Lab  
  33  3:21  Refinery  
  33  3:25  SCV, Starport Tech Lab  
  34  3:30  Orbital Command  
  34  3:32  Cyclone  
  37  3:37  SCV  
  37  3:40  Marine x2  
  40  3:43  Supply Depot  
  40  3:49  SCV  
  42  3:55  SCV  
  42  3:57  Raven  
  42  4:00  Marine x2  
  42  4:01  SCV  
  47  4:07  SCV  
  45  4:13  SCV  
  45  4:14  Siege Tank  
  49  4:19  SCV, Marine  
  49  4:20  Marine  
  52  4:25  SCV  
  53  4:32  SCV  
  53  4:37  Command Center, SCV  
  55  4:40  Raven  
  55  4:44  SCV  
  57  4:49  SCV, Marine x2  
  60  4:56  SCV  
  60  4:57  Siege Tank  
  60  5:01  SCV  
  60  5:04  Supply Depot  
  59  5:07  Marine x2  
  59  5:08  SCV  
  59  5:10  Refinery  
  62  5:24  Supply Depot  
  62  5:25  Barracks  
  62  5:26  Barracks, SCV x2  
  64  5:33  Starport  
  64  5:34  Viking x2  
  68  5:38  SCV x2  
  70  5:45  Supply Depot, Siege Tank, Marine  
  74  5:50  SCV  
  74  5:51  SCV  
  76  6:02  SCV  
  76  6:03  SCV  
  76  6:04  Viking x2  
  82  6:10  Orbital Command  
  82  6:12  Barracks Reactor, Engineering Bay  
  82  6:13  Viking  
  82  6:14  SCV  
  82  6:16  SCV  
  86  6:19  Siege Tank  
  86  6:23  Supply Depot  
  89  6:26  SCV  
  89  6:28  SCV  
  89  6:30  Supply Depot  
  91  6:34  Viking  
  91  6:35  Viking  
  91  6:36  SCV  
  96  6:42  SCV, Sensor Tower  
  96  6:45  Refinery x2  
  96  6:46  SCV  
  98  6:49  SCV  
  98  6:53  Marine  
  100  6:54  SCV  
  100  6:58  Supply Depot, SCV  
  100  7:00  Siege Tank  
  100  7:01  SCV  
  106  7:06  Viking, SCV  
  109  7:10  SCV  
  109  7:11  Supply Depot  
  109  7:12  Viking  
  109  7:13  SCV  
  111  7:15  Marine  
  111  7:16  Marine x2  
  111  7:20  Engineering Bay  
  111  7:21  SCV  
  115  7:22  Viking  
  115  7:23  SCV  
  115  7:26  Viking  
  120  7:34  Supply Depot  
  119  7:38  Viking  
  119  7:41  Siege Tank  
  119  7:42  Viking  
  126  7:44  Marine  
  126  7:45  Supply Depot  
  118  7:52  Marine x2  
Tags
 
Add a new tag
Caveats
  • Supply blocks, unpowered buildings, or Contaminate may cause inaccurate times.
  • Supply counts are checked every 10 seconds.